 Dungeon Crawl Stone Soup version 0.21-a0-471-gd587bd5 (webtiles) character file.

42922 Laiders the Bludgeoner (level 13, 0/118 HPs)
             Began as a Minotaur Berserker on Nov 22, 2017.
             Was a High Priest of Trog.
             Succumbed to a skeletal warrior's poison
             ... on level 14 of the Dungeon.
             The game lasted 00:44:29 (13306 turns).

Laiders the Bludgeoner (Minotaur Berserker)        Turns: 13306, Time: 00:44:30

Health: 0/118      AC: 30    Str: 26    XL:     13   Next: 88%
Magic:  18/18      EV:  9    Int:  5    God:    Trog [*****.]
Gold:   1274       SH: 10    Dex: 10    Spells: 12/12 levels left

rFire    + . .     SeeInvis .   n - +10 morningstar "Eos" {elec, Halo rElec}
rCold    . . .     Gourm    .   A - +0 shield
rNeg     + . .     Faith    .   J - +2 plate armour {rN+}
rPois    .         Spirit   .   t - +2 hat
rElec    +         Reflect  +   H - +1 cloak
rCorr    .         Harm     .   F - +1 pair of gloves
MR       .....                  m - +1 pair of boots
Stlth    ..........             u - +2 amulet of reflection
HPRegen  0.29/turn              S - ring of protection from fire
MPRegen  0.16/turn              I - +3 ring of protection

@: lethally poisoned (0 -> -41), liquid flames, glowing
A: retaliatory headbutt, horns 2
a: Berserk, Trog's Hand, Brothers in Arms, Burn Spellbooks, Renounce Religion


You were on level 14 of the Dungeon.
You worshipped Trog.
Trog was extremely pleased with you.
You were near starving.

You visited 1 branch of the dungeon, and saw 15 of its levels.
You also visited: Ossuary and Bailey.

You collected 2310 gold pieces.
You spent 1036 gold pieces at shops.

Inventory:

Hand Weapons
 n - the +10 morningstar "Eos" (weapon) {elec, Halo rElec}
   (You bought it in a shop on level 6 of the Dungeon)

   Occasionally, upon striking a foe, it will discharge some electrical energy
   and cause terrible harm.
   It insulates you from electricity.
 x - the +8 mace of Entrepreneurial Spirit {venom, rF+}
   (You found it on level 4 of the Dungeon)

   It poisons the flesh of those it strikes.
   It protects you from fire.
Armour
 m - a +1 pair of boots (worn)
 t - a +2 hat (worn)
 A - a +0 shield (worn)
 F - a +1 pair of gloves (worn)
 H - a +1 cloak (worn)
 J - a +2 plate armour of positive energy (worn)
Jewellery
 r - an uncursed ring of protection from cold
 s - an uncursed ring of see invisible
 u - a +2 amulet of reflection (around neck)
 I - a +3 ring of protection (right hand)
 S - a ring of protection from fire (left hand)
 W - an uncursed ring of flight
Wands
 a - a wand of disintegration (16)
 p - a wand of acid (10)
 E - a wand of paralysis (21)
 G - a wand of clouds (4)
 M - a wand of digging (15)
 O - a wand of flame (29)
Scrolls
 b - 3 scrolls of blinking
 d - 2 scrolls of teleportation
 e - 8 scrolls of remove curse
 w - a scroll of fog
 y - 2 scrolls of enchant weapon
Potions
 f - 5 potions of flight
 g - 7 potions of curing
 h - 2 potions of mutation
 k - 3 potions of berserk rage
 o - 2 potions of haste
 q - 6 potions of brilliance
 v - 4 potions of lignification
 z - 2 potions of cancellation
 B - a potion of ambrosia
 C - a potion of might {unknown}
 D - 3 potions of heal wounds
 T - a potion of magic {unknown}
Miscellaneous
 P - a phantom mirror
 Q - a phial of floods
 U - a fan of gales
Comestibles
 c - 7 bread rations
 i - 2 meat rations
 j - 10 royal jellies
 l - 11 fruits


   Skills:
 + Level 12.1 Fighting
 - Level 16.0 Maces & Flails
 + Level 12.1 Armour
 + Level 12.0 Dodging
 + Level 1.1 Shields
 + Level 9.1 Evocations


You had 12 spell levels left.
You didn't know any spells.

Dungeon Overview and Level Annotations

Branches:
Dungeon (15/15)            Temple (0/1) D:7            Lair (0/6) D:11
    Orc (0/2) D:10         Vaults (0/5) D:14
 Depths: D:15

Altars:
Ashenzari
Cheibriados
Dithmenos
Makhleb
Okawaru
Ru
Trog
Zin
Jiyva

Shops:
D:6 (


Innate Abilities, Weirdness & Mutations

You reflexively headbutt those who attack you in melee.
You have a pair of horns on your head.


Message History

You feel very sick. The jumping spider pounces on you.
* * * LOW HITPOINT WARNING * * *
The jumping spider bites you but does no damage.
The deep elf mage gestures at you while chanting.
The sticky flame hits you!
You are covered in liquid flames!
The freezing wraith hits you!
* * * LOW HITPOINT WARNING * * *
The freezing wraith freezes you!
* * * LOW HITPOINT WARNING * * *
The freezing wraith hits you but does no damage.
The jumping spider pounces on you but does no damage.
The jumping spider bites you but does no damage.
The skeletal warrior hits you but does no damage.
You are more poisoned.
You climb upwards.
You are covered in liquid flames!
* * * LOW HITPOINT WARNING * * *
You die...

###≈.......<.>...................
≈≈≈≈..............#####.#########
..................###.....###...#
#.##..............##.......##.#..
#..............)..#...#.#...#..##
................).#..##.##..##.#.
...............).).....#....)...#
...............e.s#..##.##..##.#.
.......>...#..<.@W#..=#.#...#..##
#.#...###.#######.##.......##.#..
#.##..# #...# #.###.....###...#
#∩#...# ###.# #.#####.#########
#.##..#####.# #.#..#..#.#.#....
#.#.........#####.##.#..#...#.###
........##.....##.#.....#...#.#..
....([.([###.#.##.###.(...###.#.#
..))...#...#.#...........(((..((#


You could see a freezing wraith, a deep elf mage and a jumping spider.

Vanquished Creatures
  An azure jelly (D:13)
  Fannar (D:10)
  Erolcha (D:13)
  2 hydras
  A death knight (D:14)
  2 centaur warriors
  2 dancing weapons (D:14)
  3 two-headed ogres
  4 unseen horrors
  A phantasmal warrior (D:15)
  Pikel (D:4)
  2 orc knights (Bailey)
  4 cyclopes
  2 deep elf magi
  10 ugly things
  2 slime creatures (D:13)
  An oklob plant (D:8)
  Psyche (D:9)
  A kobold demonologist (D:15)
  3 freezing wraiths (D:14)
  A yaktaur (D:14)
  A queen bee (D:8)
  A troll (D:13)
  A hornet (D:10)
  3 hippogriffs
  Sigmund (D:4)
  4 shadows
  2 vampires (D:14)
  8 yaks
  2 wraiths
  3 wyverns
  A basilisk (D:14)
  2 hungry ghosts
  A golden eye (D:13)
  3 vampire mosquitoes (D:15)
  A soldier ant (D:12)
  A porcupine (D:11)
  3 sky beasts
  3 phantoms
  4 ice beasts
  13 orc warriors
  3 black bears
  3 necrophages
  6 ogres
  6 centaurs
  4 crocodiles
  2 big kobolds
  9 bullfrogs
  2 wyvern zombies
  A wyvern skeleton (D:9)
  4 scorpions
  33 killer bees
  8 wights
  4 electric eels (D:11)
  The ghost of p0werm0de the Slasher, a weakling DECK of Xom (D:4)
  5 howler monkeys
  7 crimson imps
  3 bullfrog zombies
  8 hounds
  4 centaur zombies
  13 orc wizards
  6 jellies
  6 orc priests
  3 bullfrog skeletons
  6 centaur skeletons
  Crazy Yiuf (D:7)
  Terence (D:2)
  Ijyb (D:4)
  5 iguanas
  11 worker ants
  A big kobold zombie (Ossuary)
  2 hound zombies
  9 mummies
  A howler monkey zombie (D:4)
  3 worker ant zombies
  18 adders
  14 gnolls
  3 shadow imps
  2 adder zombies
  2 adder skeletons
  3 worms
  2 dart slugs
  3 leopard geckos
  50 orcs
  5 giant cockroaches
  3 gnoll zombies (Ossuary)
  12 goblins
  11 hobgoblins
  8 jackals
  4 quokkas
  A ball python (D:4)
  6 bats
  6 frilled lizards
  A hobgoblin zombie (Ossuary)
  A jackal skeleton (D:6)
  19 kobolds
  2 kobold zombies (Ossuary)
  A leopard gecko zombie (D:6)
  An orc zombie (Ossuary)
  A quokka zombie (D:10)
  9 rats
474 creatures vanquished.

Vanquished Creatures (collateral kills)
  Nessos (D:13)
  The ghost of Daviar the Destroyer, a journeyman GnCj of Cheibriados (D:8)
  A two-headed ogre (D:13)
  5 skeletal warriors (D:14)
  A wolf spider zombie (D:14)
  An ugly thing (D:14)
  A cyclops (D:14)
  A shining eye (D:13)
  A gargoyle (D:14)
  A kobold demonologist (D:13)
  4 slime creatures (D:13)
  A shadow (D:13)
  2 wraiths (D:13)
  A basilisk (D:14)
  An orc warrior (D:9)
  A centaur (D:13)
  A bullfrog (D:14)
  2 killer bees (D:8)
  A crimson imp (D:8)
  2 orc priests
  An orc wizard (D:9)
  A worker ant (D:14)
  5 orcs
37 creatures vanquished.

Vanquished Creatures (others)
  A quokka (D:4)
  A leopard gecko skeleton (D:4)
2 creatures vanquished.

Grand Total: 513 creatures vanquished

Notes
Turn   | Place    | Note
-------+----------+-------------------------------------------
     0 | D:1      | Laiders the Minotaur Berserker began the quest for the Orb.
     0 | D:1      | Reached XP level 1. HP: 19/19 MP: 0/0
     5 | D:1      | Noticed a merfolk
     5 | D:1      | Noticed an ogre
     7 | D:1      | Noticed a vampire
     7 | D:1      | Noticed an elf
     9 | D:1      | Noticed a minotaur
     9 | D:1      | Noticed an octopode
    11 | D:1      | Noticed a human
    11 | D:1      | Noticed a dwarf
    13 | D:1      | Noticed a draconian
    13 | D:1      | Noticed a gargoyle
    15 | D:1      | Noticed a naga
    17 | D:1      | Noticed a spriggan
    19 | D:1      | Noticed a halfling
    19 | D:1      | Noticed a ghoul
    21 | D:1      | Noticed a tengu
    23 | D:1      | Noticed a demigod
    23 | D:1      | Noticed a vine stalker
    25 | D:1      | Noticed a troll
    25 | D:1      | Noticed a centaur
    27 | D:1      | Noticed a formicid
    29 | D:1      | Noticed a demonspawn
    29 | D:1      | Noticed a felid
    40 | D:1      | Reached skill level 4 in Maces & Flails
    45 | D:1      | Reached XP level 2. HP: 6/26 MP: 1/1
   927 | D:2      | Reached skill level 5 in Maces & Flails
   962 | D:2      | Reached XP level 3. HP: 31/31 MP: 2/2
   972 | D:2      | Reached skill level 8 in Maces & Flails
   972 | D:2      | Reached XP level 4. HP: 47/47 MP: 3/3
   979 | D:2      | Reached ** piety under Trog
  1210 | D:2      | Noticed Terence
  1217 | D:2      | Killed Terence
  1217 | D:2      | Reached XP level 5. HP: 52/52 MP: 4/4
  1271 | D:2      | Found a snail-covered altar of Cheibriados.
  1271 | D:2      | Found a sacrificial altar of Ru.
  1604 | D:3      | Reached skill level 9 in Maces & Flails
  1657 | D:3      | Reached XP level 6. HP: 24/60 MP: 5/5
  2002 | D:3      | Reached *** piety under Trog
  2354 | D:4      | Noticed Ijyb
  2363 | D:4      | Noticed Sigmund
  2374 | D:4      | Killed Ijyb
  2383 | D:4      | Killed Sigmund
  2383 | D:4      | Reached skill level 10 in Maces & Flails
  2383 | D:4      | Reached XP level 7. HP: 66/66 MP: 6/6
  2415 | D:4      | Noticed Pikel
  2427 | D:4      | Killed Pikel
  2427 | D:4      | Reached skill level 11 in Maces & Flails
  2427 | D:4      | Reached XP level 8. HP: 73/73 MP: 7/7
  2559 | D:4      | Got a crude mace
  2562 | D:4      | Noticed p0werm0de's ghost (weakling DECK)
  2573 | D:4      | Killed p0werm0de's ghost
  2602 | D:4      | Found a sand-covered staircase.
  2616 | D:4      | Identified the +8 mace of Entrepreneurial Spirit {venom, rF+} (You found it on level 4 of the Dungeon)
  2621 | Ossuary  | Entered an ossuary
  3203 | D:5      | Entered Level 5 of the Dungeon
  3215 | D:5      | Reached skill level 12 in Maces & Flails
  3228 | D:5      | Found a burning altar of Makhleb.
  3244 | D:5      | Reached **** piety under Trog
  3444 | D:5      | Reached XP level 9. HP: 79/79 MP: 8/8
  3548 | D:5      | Reached skill level 13 in Maces & Flails
  3952 | D:6      | Found Kokyb's Weapon Shoppe.
  4535 | D:7      | Reached skill level 14 in Maces & Flails
  4582 | D:7      | Reached ***** piety under Trog
  4702 | D:7      | Found a bloodstained altar of Trog.
  4857 | D:7      | Found a shattered altar of Ashenzari.
  4914 | D:7      | Found a runed door.
  5014 | D:7      | Found a staircase to the Ecumenical Temple.
  5098 | D:7      | Noticed Crazy Yiuf
  5101 | D:7      | Killed Crazy Yiuf
  5263 | D:8      | Found a glowing silver altar of Zin.
  5358 | D:8      | Reached XP level 10. HP: 84/88 MP: 9/9
  5410 | D:8      | Found an iron altar of Okawaru.
  5410 | D:8      | Noticed an oklob plant
  5474 | D:8      | Noticed Daviar's ghost (journeyman GnCj)
  5483 | D:8      | Killed Daviar's ghost
  5972 | D:8      | Killed an oklob plant
  6185 | D:9      | Noticed Psyche
  6191 | D:9      | Killed Psyche
  6240 | D:9      | Found a shadowy altar of Dithmenos.
  6252 | D:9      | Found a burning altar of Makhleb.
  6870 | D:10     | Entered Level 10 of the Dungeon
  6877 | D:10     | Noticed Fannar
  7186 | D:10     | Killed Fannar
  7186 | D:10     | Reached XP level 11. HP: 99/99 MP: 10/10
  7256 | D:10     | Found a staircase to the Orcish Mines.
  7372 | D:10     | Reached skill level 10 in Fighting
  7898 | D:10     | Received a gift from Trog
  7903 | D:10     | Noticed a centaur warrior
  7914 | D:10     | Killed a centaur warrior
  7914 | D:10     | Reached skill level 10 in Armour
  8054 | D:10     | Paralysed by a hornet for 1 turns
  8214 | D:11     | Noticed a white ugly thing
  8225 | D:11     | Killed a white ugly thing
  8422 | D:11     | Reached skill level 10 in Dodging
  8763 | D:11     | Found a staircase to the Lair.
  9129 | D:12     | Noticed a two-headed ogre
  9131 | D:12     | Noticed a brown ugly thing
  9140 | D:12     | Killed a two-headed ogre
  9151 | D:12     | Killed a brown ugly thing
  9279 | D:12     | Noticed a deep elf mage
  9292 | D:12     | Killed a deep elf mage
  9301 | D:12     | Reached XP level 12. HP: 91/110 MP: 11/11
  9342 | D:12     | Noticed a two-headed ogre
  9351 | D:12     | Killed a two-headed ogre
  9617 | D:12     | Noticed a four-headed hydra
  9628 | D:12     | Killed a four-headed hydra
  9907 | D:13     | Noticed Erolcha
  9912 | D:13     | Killed Erolcha
  9913 | D:13     | Noticed Nessos
  9918 | D:13     | Killed Nessos
  9918 | D:13     | Received a gift from Trog
  9933 | D:13     | Reached skill level 1 in Evocations
  9938 | D:13     | Noticed a two-headed ogre
  9941 | D:13     | Killed a two-headed ogre
 10354 | D:13     | Found a transporter.
 11195 | D:13     | Found a viscous altar of Jiyva.
 11203 | D:13     | Noticed an azure jelly
 11203 | D:13     | Found a transporter.
 11221 | D:13     | Killed an azure jelly
 11405 | D:14     | Noticed a seven-headed hydra
 11412 | D:14     | Killed a seven-headed hydra
 11412 | D:14     | Reached skill level 15 in Maces & Flails
 11412 | D:14     | Reached XP level 13. HP: 101/118 MP: 15/15
 11440 | D:14     | Found a gate to the Vaults.
 11459 | D:14     | Reached skill level 5 in Evocations
 11671 | D:14     | Reached skill level 16 in Maces & Flails
 11805 | D:14     | Found a flagged portal.
 11813 | Bailey   | Entered a bailey
 11924 | Bailey   | Received a gift from Trog
 12719 | D:14     | Got an ancient tin ring
 12957 | D:14     | Identified the ring of Soloas {+Blink +Inv EV+3 Dex-4 Stlth+} (You found it on level 14 of the Dungeon)
 13144 | D:6      | Bought the +10 morningstar "Eos" {elec, Halo rElec} for 1036 gold pieces
 13144 | D:6      | Found the +10 morningstar "Eos" {elec, Halo rElec}
 13282 | D:15     | Entered Level 15 of the Dungeon
 13303 | D:15     | Reached skill level 1 in Shields
 13306 | D:14     | HP: 5/118 [burnt (3)]
 13306 | D:14     | Succumbed to a skeletal warrior's poison

Vault maps used:
D:1:      kb_arrival_jail
D:2:      gammafunk_temple_overflow_wave, uniq_terence
D:3:      first_bread, moated_statue, eino_tiny_chamber
D:4:      enter_ossuary_1, uniq_pikel, uniq_ijyb, uniq_sigmund
D:5:      makhleb_heckhound_becter
D:6:      serial_shops, kennysheep_little_box
D:7:      ashenzari_altar_1, kennysheep_mini, temple_fountains, serial_undead,
          serial_undead_e, serial_undead_a, serial_undead_c, serial_undead_e,
          uniq_crazy_yiuf_cottage
D:8:      lemuel_doored_altar, david_nohive_1, lemuel_oklob_altar
D:9:      grunt_dithmenos_shadows, basic_altar, uniq_psyche
D:10:     orc_0_dummy, uniq_fannar
D:11:     grunt_lair_entry_orc_guard_hut
D:13:     gammafunk_jiyva_shrine, uniq_erolcha, uniq_nessos
D:14:     minmay_the_grid_3x3, erik_vaults_1, enter_bailey_3
D:15:     hangedman_depths_entry_civil_slaughter,
          nemelex_xobeh_ov_fountains_minmay
Ossuary:  ossuary_tomb_3
Bailey:   bailey_axe_4, bailey

Skill      XL: |  1  2  3  4  5  6  7  8  9 10 11 12 13 |
---------------+----------------------------------------+-----
Maces & Flails | 4 5 8 9 10 11 12 14 15 16 | 16.0
Fighting       | 7 9 11 12 | 12.1
Armour         | 6 7 9 11 12 | 12.1
Dodging        | 6 8 10 12 | 12.0
Evocations     | 4 9 |  9.1
Shields        | 1 |  1.1

Action                   |  1- 3 |  4- 6 |  7- 9 | 10-12 | 13-15 || total
-------------------------+-------+-------+-------+-------+-------++-------
Melee: Mace              |    26 |   139 |   302 |   567 |   266 ||  1300
       Headbutt          |     3 |    23 |    60 |   125 |    73 ||   284
       Morningstar       |       |       |       |       |    22 ||    22
Invok: Berserk           |     1 |     3 |     2 |     8 |     3 ||    17
       Trog's Hand       |       |     3 |     2 |     7 |     2 ||    14
       Brothers in Arms  |       |       |       |     6 |     3 ||     9
       Burn Spellbooks   |       |       |       |     2 |     3 ||     5
 Abil: Evoke Flight      |       |       |       |       |     2 ||     2
Evoke: Wand              |       |       |       |     3 |       ||     3
  Use: Scroll            |     1 |     3 |     9 |    11 |     9 ||    33
       Potion            |     1 |     1 |       |       |     1 ||     3
 Stab: Distracted        |       |       |       |       |     1 ||     1
  Eat: Chunk             |     1 |     7 |    13 |    28 |     5 ||    54
       Fruit             |       |       |       |     3 |       ||     3
       Royal jelly       |       |       |       |     2 |     3 ||     5
Armor: Animal skin       |     8 |       |       |       |       ||     8
       Scale mail        |    11 |    54 |       |       |       ||    65
       Ring mail         |     1 |       |       |       |       ||     1
       Plate armour      |       |    22 |   148 |   399 |   231 ||   800
Dodge: Dodged            |    25 |    94 |   144 |   342 |   183 ||   788
Block: Other             |       |       |    12 |    41 |    20 ||    73
       Reflection        |       |       |     1 |     5 |     5 ||    11
       Shield            |       |       |       |       |    19 ||    19

Table legend:
 A = Spawn XP
 B = Non-spawn XP
 C = Spawn XP percentage of total XP
 D = Spawn monster count
 E = Non-spawn monster count
 F = Spawn count percentage of total count
 G = Total turns spent on level
                    A         B        C        D         E        F      G
               +---------+---------+-------+---------+---------+-------+---------
         Total |       0 |   61256 |   0.0 |       0 |     512 |   0.0 | 13306
               +---------+---------+-------+---------+---------+-------+---------
           D:1 |       0 |      32 |   0.0 |       0 |      17 |   0.0 |   889
           D:2 |       0 |     149 |   0.0 |       0 |      24 |   0.0 |   657
           D:3 |       0 |     285 |   0.0 |       0 |      32 |   0.0 |   807
           D:4 |       0 |    1332 |   0.0 |       0 |      21 |   0.0 |   551
           D:5 |       0 |    1079 |   0.0 |       0 |      38 |   0.0 |   538
           D:6 |       0 |     688 |   0.0 |       0 |      20 |   0.0 |   737
           D:7 |       0 |    1221 |   0.0 |       0 |      24 |   0.0 |   739
           D:8 |       0 |    3227 |   0.0 |       0 |      43 |   0.0 |  1045
           D:9 |       0 |    2123 |   0.0 |       0 |      31 |   0.0 |   977
          D:10 |       0 |    4807 |   0.0 |       0 |      41 |   0.0 |  1090
          D:11 |       0 |    3965 |   0.0 |       0 |      39 |   0.0 |   908
          D:12 |       0 |    6583 |   0.0 |       0 |      25 |   0.0 |   779
          D:13 |       0 |   11930 |   0.0 |       0 |      43 |   0.0 |  1632
          D:14 |       0 |   19600 |   0.0 |       0 |      65 |   0.0 |  1271
          D:15 |       0 |    2289 |   0.0 |       0 |       7 |   0.0 |    24
       Ossuary |       0 |     183 |   0.0 |       0 |      16 |   0.0 |   299
        Bailey |       0 |    1763 |   0.0 |       0 |      26 |   0.0 |   363
               +---------+---------+-------+---------+---------+-------+---------
